 Dungeon Crawl Stone Soup version 0.29.1-13-g9f3cf754e1 (webtiles) character file.

Game seed: 2105875621835630251

132149 bubby the Bludgeoner (level 16, -2/176 HPs)
             Began as a Troll Gladiator on Jan 27, 2023.
             Was the Champion of Jiyva.
             Shot with a bolt by a naga sharpshooter (13 damage)
             ... on level 4 of the Snake Pit on Jan 28, 2023.
             The game lasted 02:01:05 (25679 turns).

bubby the Bludgeoner (Troll Gladiator)             Turns: 25679, Time: 02:01:05

Health: -2/176     AC: 23    Str: 36    XL:     16   Next: 27%
Magic:  15/15      EV:  8    Int:  3    God:    Jiyva [******]
Gold:   1124       SH:  9    Dex:  8    Spells: 15/15 levels left

rFire   x . .      SeeInvis .   N - +2 morningstar (vorpal)
rCold   x . .      Faith    .   X - +0 kite shield {reflect}
rNeg    . . .      Spirit   .   O - +1 acid dragon scales
rPois   +          Reflect  +   c - +0 hat
rElec   .          Harm     .   V - scarf {rC+ rF+}
rCorr   +          Rampage  .   (gloves unavailable)
Will    +....      Clarity  +   (boots unavailable)
Stlth   ++........              C - amulet of Elemental Vulnerability {rPois rF-- rC-- AC+8}
HPRegen 2.79/turn               R - +4 ring of slaying
MPRegen 0.64/turn               M - +4 ring of protection

@: lethally poisoned (-2 -> -2), constricted, studying Shields
A: large, unfitting armour, claws 3, regeneration 1, shaggy fur 1, tough skin 1,
horns 1, clarity, clumsy 1, strong 1, wild magic 3, translucent skin 3
}: 1/15 runes: slimy
a: Renounce Religion, Oozemancy, Slimify


You were on level 4 of the Snake Pit.
You worshipped Jiyva.
Jiyva was exalted by your worship.
You visited 6 branches of the dungeon, and saw 30 of its levels.

You collected 2540 gold pieces.
You spent 1416 gold pieces at shops.

Inventory:

Hand Weapons
 N - a +2 vorpal morningstar (weapon)
Missiles
 b - 5 silver boomerangs
 d - 3 throwing nets (quivered)
 l - 4 silver javelins
 x - 3 curare-tipped darts
Armour
 c - a +0 hat (worn)
 O - +1 acid dragon scales (worn)
 V - a scarf of resistance (worn)
 W - an orb of light
 X - a +0 kite shield of reflection (worn)
Jewellery
 o - a ring of protection from cold
 p - a ring of flight
 s - a ring of positive energy
 u - the ring "Cafol" {Fire rN+ Int-4 Stlth+}
   (You found it on level 4 of the Lair of Beasts)

   [ring of fire]

   It enhances your fire magic.
   Int:       It affects your intelligence (-4).
   rF:        It protects you from fire.
   rC:        It makes you vulnerable to cold.
   rN:        It protects you from negative energy.
   Stlth:     It makes you more stealthy.
 C - the amulet of Elemental Vulnerability (around neck) {rPois rF-- rC-- AC+8}
   (You found it on level 4 of the Dungeon)

   [amulet of nothing]

   AC:        It affects your AC (+8).
   rF:        It makes you very vulnerable to fire.
   rC:        It makes you very vulnerable to cold.
   rPois:     It protects you from poison.
 K - the ring of Gotsocs {rF+ Int+2 Dex+6 Slay+2}
   (You found it on level 5 of the Pits of Slime)

   [ring of dexterity]

   Int:       It affects your intelligence (+2).
   Dex:       It affects your dexterity (+6).
   Slay:      It affects your accuracy & damage with ranged weapons and melee
   (+2).
   rF:        It protects you from fire.
 M - a +4 ring of protection (right claw)
 R - a +4 ring of slaying (left claw)
 S - an amulet of reflection
Wands
 a - a wand of mindburst (17)
 B - a wand of polymorph (2)
 D - a wand of charming (2)
 I - a wand of iceblast (28)
 Z - a wand of flame (11)
Scrolls
 e - a scroll of poison
 i - 2 scrolls of butterflies
 k - a scroll of blinking
 y - 5 scrolls of teleportation
 z - 3 scrolls of vulnerability
 A - 3 scrolls of identify
 E - 5 scrolls of fear
 H - a scroll of silence
 P - a scroll of amnesia
Potions
 f - a potion of lignification
 g - 6 potions of might
 m - 2 potions of brilliance
 n - 6 potions of haste
 q - 12 potions of curing
 r - a potion of resistance
 w - 2 potions of magic
 F - a potion of berserk rage
 G - 3 potions of cancellation
 J - a potion of mutation
 L - 6 potions of attraction
 Q - a potion of ambrosia
 Y - a potion of flight


   Skills:
 * Level 15.2 Fighting
 - Level 16.0 Maces & Flails
 - Level 1.7 Throwing
 - Level 7.5 Armour
 + Level 10.6 Dodging
 + Level 9.7 Shields


You had 15 spell levels left.
You didn't know any spells.
Your spell library contained the following spells:

 Spells                   Type           Power      Damage    Failure   Level
 Magic Dart               Conj           0%         1d3       93%         1
 Sandblast                Erth           0%         2d4       93%         1
 Slow                     Hex            0%         N/A       93%         1
 Passwall                 Tmut/Erth      0%         N/A       98%         2
 Searing Ray              Conj           0%         2d4       98%         2
 Static Discharge         Conj/Air       0%         3-3/arc   98%         2
 Confusing Touch          Hex            0%         N/A       99%         3
 Conjure Flame            Conj/Fire      0%         6-21      99%         3
 Frozen Ramparts          Ice            0%         1d1       99%         3
 Gell's Gravitas          Tloc           0%         N/A       99%         3
 Inner Flame              Hex/Fire       0%         N/A       99%         3
 Lesser Beckoning         Tloc           0%         N/A       99%         3
 Portal Projectile        Hex/Tloc       0%         N/A       99%         3
 Spider Form              Tmut/Pois      0%         N/A       99%         3
 Stone Arrow              Conj/Erth      0%         3d7       99%         3
 Teleport Other           Tloc           0%         N/A       99%         3
 Tukima's Dance           Hex            0%         N/A       99%         3
 Vampiric Draining        Necr           0%         2d6       99%         3
 Animate Armour           Summ/Erth      0%         N/A       100%        4
 Cause Fear               Hex            0%         N/A       100%        4
 Corpse Rot               Necr/Pois/Air  0%         N/A       100%        4
 Dispel Undead            Necr           0%         3d6       100%        4
 Fulminant Prism          Conj/Hex       0%         3d6       100%        4
 Hailstorm                Conj/Ice       0%         3d3       100%        4
 Ice Form                 Ice/Tmut       0%         N/A       100%        4
 Leda's Liquefaction      Hex/Erth       0%         N/A       100%        4
 Passage of Golubria      Tloc           0%         N/A       100%        4
 Sticky Flame             Conj/Fire      0%         2d3       100%        4
 Summon Ice Beast         Ice/Summ       0%         N/A       100%        4
 Blade Hands              Tmut           0%         N/A       100%        5
 Summon Forest            Summ/Tloc      0%         N/A       100%        5
 Summon Mana Viper        Hex/Summ       0%         N/A       100%        5
 Death Channel            Necr           0%         N/A       100%        6
 Iron Shot                Conj/Erth      0%         9d1       100%        6
 Simulacrum               Ice/Necr       0%         N/A       100%        6
 Summon Cactus Giant      Summ           0%         N/A       100%        6
 Discord                  Hex            0%         N/A       100%        8
 Disjunction              Tloc           0%         N/A       100%        8


Dungeon Overview and Level Annotations

Branches:
Dungeon (13/15)            Temple (1/1) D:7            Lair (5/5) D:11
 Shoals (0/4) Lair:2        Snake (4/4) Lair:2        Slime (5/5) Lair:5
    Orc (2/2) D:10            Elf (0/3) Orc:2
 Vaults: D:13-14

Altars:
Ashenzari
Cheibriados
Dithmenos
Elyvilon
Fedhas
Gozag
Hepliaklqana
Kikubaaqudgha
Makhleb
Nemelex Xobeh
Okawaru
Qazlal
Ru
Sif Muna
Trog
Uskayaw
Vehumet
Wu Jian
Xom
Yredelemnul
Zin
The Shining One
Ignis
Jiyva

Shops:
D:1 [   D:3 *   D:5 [   D:6 (   D:7 [   Orc:1 *   Orc:2 :[!:   Snake:2 =:=
Snake:4 :(:

Annotations:
Lair:4 1 runed translucent door, OTABOTABOTAB's ghost, journeyman OpSu
Slime:4 Dissolution
Slime:5 Royal Jelly


Innate Abilities, Weirdness & Mutations

You are too large for most types of armour.
You have claws for hands.
Your natural rate of healing is unusually fast.
You are covered in fur. (AC +1)
You have tough skin. (AC +1)
You have a pair of small horns on your head.
You possess an exceptional clarity of mind.
You are clumsy. (Dex -2)
Your muscles are strong. (Str +4, Int/Dex -1)
Your spells are much harder to cast, but much more powerful.
Your transparent skin significantly reduces your foes' accuracy. (Stealth+)


Message History

The naga sharpshooter magically shoots a bolt.
The bolt hits you!
* * * LOW HITPOINT WARNING * * *
The salamander hits you with a +0 glaive of flaming!
* * * LOW HITPOINT WARNING * * *
You are engulfed in flames!
The fire burns you terribly!
* * * LOW HITPOINT WARNING * * *
The salamander burns you.
* * * LOW HITPOINT WARNING * * *
Okay, then.
Okay, then.
Okay, then.
Unknown command.
Okay, then.
Okay, then.
As you read the scroll of fear, it crumbles to dust.
You assume a fearsome visage.
The naga sharpshooter easily resists.
The salamander looks frightened!
The naga sharpshooter unwields a +0 arbalest.
The naga sharpshooter wields a +0 flail.
The naga sharpshooter closely misses you.
The naga sharpshooter grabs you. The naga sharpshooter constricts you.
The naga sharpshooter spits poison at you.
The splash of poison misses you. The naga sharpshooter constricts you.
* * * LOW HITPOINT WARNING * * *
You completely miss the naga sharpshooter.
The naga sharpshooter is severely wounded.
The naga sharpshooter spits poison at you.
The splash of poison hits you but does no damage.
You are poisoned.
You resist. The naga sharpshooter constricts you.
You thump the naga sharpshooter! You headbutt the naga sharpshooter.
The naga sharpshooter is almost dead.
You feel sick.
The naga sharpshooter unwields a +0 flail.
The naga sharpshooter wields a +0 arbalest.
The naga sharpshooter mumbles some strange words.
The naga sharpshooter magically shoots a bolt.
The bolt hits you!
You die...

# ######## .......#
######## ############# ..
............#######..
.................##.# #
######......####)##.#####.#
#......# #@##........
######..###.####N..........
.......## #.....#..........
.......######...#..N.......
..........#..)≈≈#§≈........
........#.§§≈≈≈≈≈≈§§§§§§###
.<......#.≈≈≈≈≈≈#§§≈§§§§#
..........§≈≈≈##'.§§§§§§.#
.........≈§≈###.#.N..≈≈§§#


You could see a naga sharpshooter (fast, catching breath) and a salamander
(fleeing).

Vanquished Creatures
  Vashnia (Snake:3)
  Frances (Snake:1)
  Agnes (Snake:2)
  2 nagarajas
  Snorg (Orc:2)
  2 salamander tyrants
  3 ogre magi (Orc:2)
  A boulder beetle (D:12)
  4 centaur warriors
  5 hydras
  4 two-headed ogres
  5 naga warriors
  12 anacondas
  8 death yaks
  A tengu warrior (D:11)
  9 naga sharpshooters
  5 shock serpents
  2 orc high priests (Orc:2)
  Amaemon (D:10)
  5 salamander mystics
  Nergalle (D:12)
  Sonja (Lair:4)
  4 skeletal warriors (D:13)
  5 sea snakes (Snake:1)
  5 naga ritualists
  An orc knight (Orc:2)
  A deep elf pyromancer (D:13)
  6 orc sorcerers
  28 salamanders
  3 ugly things
  6 mana vipers
  A manticore (D:13)
  A cyclops (D:13)
  2 elephants (Lair:5)
  22 black mambas
  2 guardian serpents
  Joseph (D:10)
  11 naga magi
  A torpor snail (Lair:4)
  An orange demon (D:10)
  11 cane toads
  An unseen horror (D:11)
  17 komodo dragons
  Maggie (D:6)
  Psyche (D:10)
  6 rime drakes
  A tengu conjurer (D:11)
  6 trolls
  2 hornets
  Grinder (D:5)
  A polar bear (Lair:4)
  A snapping turtle (Lair:2)
  9 blink frogs
  Prince Ribbit (D:7)
  A vampire (D:12)
  3 shadows
  Sigmund (D:3)
  35 yaks
  A wraith (D:11)
  9 wyverns
  8 basilisks
  15 fire elementals
  4 steam dragons
  4 vampire mosquitoes
  A warg (Orc:2)
  2 acid dragons
  38 nagas
  9 water moccasins
  8 orc warriors
  5 ice beasts
  A sky beast (D:8)
  A swamp drake (Lair:5)
  7 ogres
  5 black bears
  4 wolves (Lair:1)
  7 centaurs
  A phantom (D:6)
  2 kobold brigands
  8 bullfrogs
  A gnoll sergeant (D:12)
  3 scorpions
  2 necrophages
  6 killer bees (D:7)
  4 howler monkeys
  2 electric eels (Lair:4)
  A lava snake (Snake:4)
  4 hounds
  9 orc priests
  9 jellies
  2 gnoll boudas
  Jessica (D:2)
  15 iguanas
  19 orc wizards
  A mummy (D:9)
  9 gnolls
  4 adders
  2 shadow imps (D:8)
  An ufetubus (D:4)
  A worm (D:2)
  4 dart slugs
  39 orcs
  6 ball pythons
  4 bats
  7 endoplasms
  5 giant cockroaches
  9 goblins
  4 hobgoblins
  4 jackals (D:3)
  3 quokkas
  22 frilled lizards
  15 kobolds
  6 rats
639 creatures vanquished.

Vanquished Creatures (others)
  A boulder beetle (Lair:5)
  An ogre mage (Orc:2)
  An orc sorcerer (Orc:2)
  A cyclops (D:12)
  2 slime creatures (D:12)
  Eustachio (D:5)
  A steam dragon (Lair:5)
  2 vampire mosquitoes (D:12)
  A warg (Orc:2)
  A swamp drake (D:11)
  A water moccasin (Lair:5)
  2 ogres (Orc:2)
  A howler monkey (D:13)
  72 jellies
  9 orc wizards
  A gnoll (Orc:1)
  9 orcs
  56 foxfires
  25 fungi
  45 plants
233 creatures vanquished.

Grand Total: 872 creatures vanquished

Notes
Turn   | Place    | Note
-------+----------+-------------------------------------------
     0 | D:1      | bubby the Troll Gladiator began the quest for the Orb.
     0 | D:1      | Reached XP level 1. HP: 19/19 MP: 0/0
    56 | D:1      | Reached skill level 3 in Maces & Flails
    79 | D:1      | Reached XP level 2. HP: 27/27 MP: 1/1
   227 | D:1      | Found Weal's Armour Boutique.
   472 | D:1      | Reached XP level 3. HP: 30/33 MP: 2/2
   666 | D:2      | Noticed Jessica
   668 | D:2      | Killed Jessica
   669 | D:2      | Reached skill level 4 in Maces & Flails
   989 | D:2      | Reached XP level 4. HP: 36/41 MP: 3/3
  1005 | D:2      | Found a faded altar of an unknown god.
  1019 | D:2      | Prayed at the altar of an unknown god.
  1019 | D:2      | Became a worshipper of Ignis, the Dying Flame
  1196 | D:3      | Noticed Sigmund
  1210 | D:3      | Killed Sigmund
  1211 | D:3      | Reached skill level 6 in Maces & Flails
  1211 | D:3      | Reached XP level 5. HP: 23/48 MP: 0/4
  1272 | D:3      | Reached XP level 6. HP: 42/55 MP: 5/5
  1328 | D:3      | Found Gozag's Platinum Reserve.
  1454 | D:3      | Found an opulent altar of Gozag.
  1540 | D:3      | Got the Almanac of the Geometric Pyre
  2021 | D:4      | Found the amulet of Elemental Vulnerability {rPois rF--
                  | rC-- AC+8}
  2085 | D:4      | Found a shimmering blue altar of Sif Muna.
  2326 | D:5      | Entered Level 5 of the Dungeon
  2348 | D:5      | Found Hasyqic's Armour Emporium.
  2399 | D:5      | Noticed an ice beast
  2402 | D:5      | Reached skill level 7 in Maces & Flails
  2413 | D:5      | Killed an ice beast
  2414 | D:5      | Reached XP level 7. HP: 54/62 MP: 6/6
  2502 | D:5      | Reached skill level 8 in Maces & Flails
  2640 | D:5      | Got Caplaracw's Omnibus of Lithic Envenoming
  2690 | D:5      | Noticed Grinder
  2706 | D:5      | Paralysed by Grinder for 5 turns
  2712 | D:5      | Paralysed by Grinder for 5 turns
  2722 | D:5      | Killed Grinder
  3138 | D:5      | Noticed Eustachio
  3167 | D:5      | Killed Eustachio
  3168 | D:5      | Reached skill level 9 in Maces & Flails
  3168 | D:5      | Reached XP level 8. HP: 67/70 MP: 7/7
  3250 | D:6      | Noticed a hornet
  3256 | D:6      | Paralysed by a hornet for 1 turns
  3265 | D:6      | Killed a hornet
  3266 | D:6      | Reached skill level 10 in Maces & Flails
  3526 | D:6      | Reached skill level 11 in Maces & Flails
  3541 | D:6      | Reached XP level 9. HP: 76/76 MP: 8/8
  3587 | D:6      | Found a glowing golden altar of the Shining One.
  3620 | D:6      | Found Afyawn's Weapon Shop.
  3700 | D:6      | Noticed Maggie
  3730 | D:6      | Killed Maggie
  4020 | D:7      | Reached skill level 12 in Maces & Flails
  4134 | D:7      | Noticed Prince Ribbit
  4143 | D:7      | Killed Prince Ribbit
  4160 | D:7      | Found a staircase to the Ecumenical Temple.
  4296 | D:7      | Found a glowing silver altar of Zin.
  4397 | D:7      | Reached skill level 13 in Maces & Flails
  4638 | D:7      | Found Soph's Armour Emporium.
  4732 | D:8      | Found a shadowy altar of Dithmenos.
  4745 | D:8      | Reached XP level 10. HP: 73/85 MP: 9/9
  4824 | D:8      | Reached skill level 14 in Maces & Flails
  4867 | D:8      | Noticed a two-headed ogre
  4875 | D:8      | Killed a two-headed ogre
  4925 | D:8      | Found a sacrificial altar of Ru.
  5216 | D:8      | Found a blossoming altar of Fedhas.
  5296 | D:8      | Found a burning altar of Makhleb.
  5358 | D:8      | Found a hide-covered altar of Uskayaw.
  5494 | D:9      | Found an iron altar of Okawaru.
  5494 | D:9      | Found a bloodstained altar of Trog.
  5525 | D:9      | Found a white marble altar of Elyvilon.
  5779 | D:9      | Noticed a brown ugly thing
  5797 | D:9      | Killed a brown ugly thing
  5798 | D:9      | Reached skill level 15 in Maces & Flails
  5920 | D:9      | Identified the +0 robe of Pan-Flutes {rCorr Dex+2 SInv}
  6117 | D:9      | Found a snail-covered altar of Cheibriados.
  6161 | D:9      | Found an ancient bone altar of Kikubaaqudgha.
  6505 | D:10     | Entered Level 10 of the Dungeon
  6526 | D:10     | Found a staircase to the Orcish Mines.
  6654 | D:10     | Reached XP level 11. HP: 61/92 MP: 10/10
  6715 | D:10     | Noticed Psyche
  6718 | D:10     | Killed Psyche
  6735 | D:10     | Noticed a two-headed ogre
  6740 | D:10     | Killed a two-headed ogre
  6741 | D:10     | Reached skill level 16 in Maces & Flails
  7063 | D:10     | Noticed Amaemon
  7075 | D:10     | Killed Amaemon
  7214 | D:10     | Identified the +4 mace of Evil {vorpal, Str+3}
  7544 | D:10     | Noticed a centaur warrior
  7544 | D:10     | Noticed Joseph
  7556 | D:10     | Killed a centaur warrior
  7558 | D:10     | Killed Joseph
  7559 | D:10     | Reached skill level 5 in Fighting
  7734 | D:11     | Noticed a two-headed ogre
  7739 | D:11     | Killed a two-headed ogre
  7865 | D:11     | Reached skill level 1 in Armour
  8384 | D:11     | Noticed a white ugly thing
  8392 | D:11     | Killed a white ugly thing
  8393 | D:11     | Noticed a tengu warrior
  8407 | D:11     | Killed a tengu warrior
  8579 | D:11     | Found a staircase to the Lair.
  8616 | Lair:1   | Entered Level 1 of the Lair of Beasts
  8622 | Lair:1   | Reached XP level 12. HP: 111/115 MP: 11/11
  9299 | Lair:2   | Found a staircase to the Shoals.
  9682 | Temple   | Entered the Ecumenical Temple
 10170 | Lair:2   | Reached skill level 5 in Dodging
 10190 | Lair:2   | Found a staircase to the Snake Pit.
 10282 | Lair:2   | Noticed an eight-headed hydra
 10287 | Lair:2   | Killed an eight-headed hydra
 10334 | Lair:2   | Noticed a four-headed hydra
 10344 | Lair:2   | Killed a four-headed hydra
 10490 | Lair:4   | Found a runed translucent door.
 10491 | Lair:4   | Identified the +11 trident of Earthquakes {freeze, *Slow
                  | rElec rN++ Dex+3}
 10492 | Lair:4   | Noticed OTABOTABOTAB's ghost (journeyman OpSu)
 10566 | Lair:4   | Reached skill level 5 in Armour
 10699 | Lair:4   | Reached XP level 13. HP: 124/131 MP: 12/12
 11154 | Lair:4   | Found a bloodstained altar of Trog.
 11301 | Lair:4   | Noticed Sonja
 11324 | Lair:4   | Killed Sonja
 11492 | Lair:4   | Reached skill level 10 in Fighting
 11591 | Lair:4   | Identified the ring "Cafol" {Fire rN+ Int-4 Stlth+}
 11749 | Lair:5   | Entered Level 5 of the Lair of Beasts
 11929 | Lair:5   | Identified the +1 leather armour of the Zebra {rElec
                  | Stlth+}
 12389 | Lair:5   | Found a viscous altar of Jiyva.
 12389 | Lair:5   | Found a staircase to the Slime Pits.
 12470 | Lair:5   | Fell from the grace of Ignis
 12473 | Lair:5   | Became a worshipper of Jiyva Juud the Shapeless
 12675 | Lair:1   | Reached * piety under Jiyva
 13498 | Lair:3   | Reached ** piety under Jiyva
 13921 | Lair:3   | Reached *** piety under Jiyva
 14013 | Lair:3   | You fall into a shaft and drop 2 floors!
 14098 | Slime:1  | Entered Level 1 of the Pits of Slime
 14104 | Slime:1  | Noticed an acid blob
 14171 | Slime:2  | Noticed a quicksilver ooze
 14235 | Slime:2  | Noticed a rockslime
 14258 | Slime:2  | Noticed an azure jelly
 14268 | Slime:2  | Noticed a rockslime
 14329 | Slime:2  | Noticed an acid blob
 14504 | Slime:1  | Noticed an acid blob
 14660 | Slime:3  | Noticed a quicksilver ooze
 14743 | Slime:4  | Noticed Dissolution
 14743 | Slime:4  | Noticed an acid blob
 14743 | Slime:4  | Noticed an acid blob
 14815 | Slime:5  | Entered Level 5 of the Pits of Slime
 14816 | Slime:5  | Noticed a quicksilver ooze
 14836 | Slime:5  | Noticed an acid blob
 14840 | Slime:5  | Noticed the Royal Jelly
 14882 | Slime:5  | Noticed a quicksilver ooze
 14887 | Slime:5  | Noticed an azure jelly
 14890 | Slime:5  | Noticed an acid blob
 14900 | Slime:5  | Noticed a quicksilver ooze
 14901 | Slime:5  | Noticed a rockslime
 14902 | Slime:5  | Noticed an azure jelly
 14917 | Slime:5  | Noticed an acid blob
 14922 | Slime:5  | Noticed an azure jelly
 14922 | Slime:5  | Noticed an acid blob
 14949 | Slime:5  | Noticed an acid blob
 14971 | Slime:5  | Noticed an acid blob
 14980 | Slime:5  | Noticed an acid blob
 14991 | Slime:5  | Found a viscous altar of Jiyva.
 14991 | Slime:5  | Found the +4 dagger "Morg" {pain, Will+ Int+5}
 15031 | Slime:5  | Noticed a rockslime
 15035 | Slime:5  | Noticed an azure jelly
 15073 | Slime:5  | Noticed an azure jelly
 15085 | Slime:5  | Noticed an azure jelly
 15202 | Slime:3  | Noticed a rockslime
 15246 | Slime:3  | Noticed an azure jelly
 15352 | Slime:4  | Noticed an acid blob
 15352 | Slime:4  | Noticed a quicksilver ooze
 15357 | Slime:4  | Noticed a rockslime
 15468 | Slime:4  | Noticed a quicksilver ooze
 15567 | Slime:1  | Noticed a quicksilver ooze
 15567 | Slime:1  | Noticed an azure jelly
 15567 | Slime:1  | Noticed a rockslime
 15568 | Slime:1  | Noticed an azure jelly
 15568 | Slime:1  | Noticed an acid blob
 15575 | Slime:1  | Noticed an acid blob
 15594 | Slime:1  | Noticed a rockslime
 15990 | Lair:5   | Noticed a fire dragon
 16220 | Lair:5   | Gained mutation: Your translucent skin slightly reduces
                  | your foes' accuracy. (Stealth+) [Jiyva's grace]
 16220 | Lair:5   | Gained mutation: Your translucent skin reduces your foes'
                  | accuracy. (Stealth+) [Jiyva's grace]
 16220 | Lair:5   | Gained mutation: Your transparent skin significantly
                  | reduces your foes' accuracy. (Stealth+) [Jiyva's grace]
 16220 | Lair:5   | Gained mutation: You possess an exceptional clarity of
                  | mind. [Jiyva's grace]
 16412 | Snake:1  | Entered Level 1 of the Snake Pit
 16929 | Orc:1    | Entered Level 1 of the Orcish Mines
 16947 | Orc:1    | Reached XP level 14. HP: 146/146 MP: 13/13
 16985 | Orc:1    | Found Xamoc's CLEARANCE SALE!.
 17042 | Orc:1    | Found a radiant altar of Vehumet.
 17090 | Orc:2    | Entered Level 2 of the Orcish Mines
 17181 | Orc:2    | Found a gate leading to a gauntlet.
 17405 | Orc:1    | Noticed Snorg
 17443 | Orc:2    | Gained mutation: You are clumsy. (Dex -2) [a neqoxec]
 17509 | Orc:2    | Found a staircase to the Elven Halls.
 17519 | Orc:2    | Reached **** piety under Jiyva
 17592 | Orc:2    | Noticed Donald
 17594 | Orc:2    | Slimified Donald
 17594 | Orc:2    | Noticed Donald
 17594 | Orc:2    | Donald changed into Donald the acid blob
 17612 | Orc:2    | Paralysed by an orc sorcerer for 3 turns
 17681 | Orc:2    | Found an ancient bone altar of Kikubaaqudgha.
 17744 | Orc:2    | Found Gixku's Antique Armour Boutique.
 17800 | Orc:2    | Found a radiant altar of Vehumet.
 17809 | Orc:2    | Found Jiups's Distillery.
 17843 | Orc:2    | Found Guuduupt's Book Shop.
 17846 | Orc:2    | Bought a potion of heal wounds for 85 gold pieces
 17846 | Orc:2    | Bought a potion of flight for 51 gold pieces
 17907 | Orc:2    | Found Xueplis's Book Boutique.
 17999 | Orc:2    | Was forgiven by Ignis
 18319 | Orc:2    | Killed Snorg
 18990 | D:12     | Noticed Nergalle
 18996 | D:12     | Killed Nergalle
 19448 | D:13     | Lost mutation: Your transparent skin significantly reduces
                  | your foes' accuracy. (Stealth+) [Jiyva's grace]
 19448 | D:13     | Lost mutation: Your translucent skin reduces your foes'
                  | accuracy. (Stealth+) [Jiyva's grace]
 19448 | D:13     | Gained mutation: Your translucent skin reduces your foes'
                  | accuracy. (Stealth+) [Jiyva's grace]
 19448 | D:13     | Gained mutation: Your transparent skin significantly
                  | reduces your foes' accuracy. (Stealth+) [Jiyva's grace]
 19448 | D:13     | Gained mutation: You have a pair of small horns on your
                  | head. [Jiyva's grace]
 19448 | D:13     | Gained mutation: You have a pair of horns on your head.
                  | [Jiyva's grace]
 19545 | D:13     | Reached skill level 1 in Shields
 19580 | D:13     | Reached ***** piety under Jiyva
 20581 | Snake:1  | Noticed Frances
 20622 | Snake:1  | Killed Frances
 20815 | Snake:1  | Noticed a nagaraja
 20839 | Snake:1  | Killed a nagaraja
 21519 | Orc:2    | Bought a manual of Shields for 1280 gold pieces
 21948 | Snake:1  | Reached XP level 15. HP: 144/161 MP: 14/14
 22594 | Snake:2  | Lost mutation: You have a pair of horns on your head.
                  | [Jiyva's grace]
 22594 | Snake:2  | Gained mutation: Your spells are a little harder to cast,
                  | but a little more powerful. [Jiyva's grace]
 22594 | Snake:2  | Gained mutation: Your spells are harder to cast, but more
                  | powerful. [Jiyva's grace]
 22594 | Snake:2  | Gained mutation: Your spells are much harder to cast, but
                  | much more powerful. [Jiyva's grace]
 22594 | Snake:2  | Gained mutation: Your muscles are strong. (Str +4, Int/Dex
                  | -1) [Jiyva's grace]
 22599 | Snake:2  | Reached skill level 5 in Shields
 22881 | Snake:2  | Noticed a nagaraja
 22889 | Snake:2  | Killed a nagaraja
 22975 | Snake:2  | Found Bixohub's Jewellery Emporium.
 22975 | Snake:2  | Found Zuny's Book Boutique.
 22976 | Snake:2  | Found Jaogh's Jewellery Emporium.
 23018 | Snake:2  | Noticed Agnes
 23027 | Snake:2  | Killed Agnes
 23039 | Snake:2  | Identified the +0 robe "Utu Foef" {*Corrode rPois Dex+4}
 23622 | Snake:3  | Reached skill level 10 in Dodging
 23800 | Snake:3  | Noticed Vashnia
 23955 | Snake:3  | HP: 5/165 [naga sharpshooter/bolt (18)]
 24305 | Snake:3  | Killed Vashnia
 24317 | Snake:4  | Entered Level 4 of the Snake Pit
 24317 | Snake:4  | Reached ****** piety under Jiyva
 24530 | Slime:5  | Noticed an acid blob
 24551 | Slime:5  | Identified the ring of Gotsocs {rF+ Int+2 Dex+6 Slay+2}
 24580 | Slime:5  | Got a slimy rune of Zot
 24589 | Slime:5  | Identified the +4 flail of Checks and Balances {elec,
                  | Str+2}
 24601 | Slime:5  | Identified the +1 robe "Lewi" {rF- Str-3 Int+9 Stlth+}
 24851 | Snake:4  | Found Gext's Book Shoppe.
 24865 | Snake:4  | Found Foudi's Weapon Shoppe.
 24873 | Snake:4  | Found Ochak's Book Shop.
 24878 | Snake:4  | Reached XP level 16. HP: 174/174 MP: 15/15
 25146 | Snake:4  | HP: 8/174 [poisoned by a naga ritualist (toxic radiance)]
 25262 | Snake:3  | Reached skill level 15 in Fighting
 25679 | Snake:4  | Shot with a bolt by a naga sharpshooter

Illustrated notes

Levels and vault maps discovered:
D:1:      sevenhm_arrival_forest_fort_small_4, layout_rooms, serial_shops,
          nicolae_shop_temple_entry_statues_fountains, grunt_decor_clamped
D:2:      layout_basic, ebering_ecumenical_altar_hall, uniq_jessica
D:3:      layout_rooms, nicolae_gozag_zags_fifth_avenue, uniq_sigmund
D:4:      layout_rooms, mainiacjoe_overflow_cross_hatched, serial_rivers,
          chequers_serial_rivers_micro_e, chequers_serial_rivers_large_a,
          chequers_serial_rivers_marsh, chequers_serial_rivers_small_a,
          chequers_serial_rivers_room_b, dk_vineyard_2
D:5:      layout_basic, serial_shops, nicolae_stop_n_shop_1, uniq_grinder,
          uniq_eustachio
D:6:      layout_cave_pools, tso_oasis_becter, serial_shops, shop, uniq_maggie
D:7:      minmay_general_purpose_star, layout_rooms, kennysheep_mini,
          temple_pool_b, serial_shops, shop, uniq_prince_ribbit1
D:8:      wander_river, layout_basic, general_overflow_altar,
          nicolae_uskayaw_dance_studio, grunt_dithmenos_smoke_and_mirrors,
          fedhas_altar_4, makhleb_grotto_becter
D:9:      layout_cave_pods, slow_altar_2, lemuel_tele_altar,
          gammafunk_temple_overflow_forgotten, minmay_radiant
D:10:     layout_loops_corners, minmay_orc_entry_temple_small,
          ebering_dispersal_statue_hall, kennysheep_generic_room_10,
          uniq_amaemon, uniq_joseph, uniq_psyche
D:11:     layout_irregular_city, erik_lair_dragon
D:12:     layout_loops_ring, uniq_nergalle
D:13:     layout_loops_corners
Temple:   hellmonk_temple_of_storms
Lair:1:   layout_gridlike
Lair:2:   layout_layer_cave, minmay_shoals_entry_hut,
          minmay_snake_entry_guardpost_medium, beast_lair_carwin_4
Lair:3:   layout_cave_pods, wad_woods_03
Lair:4:   lemuel_reptile_caves, layout_regular_city,
          ebering_ghost_funeral_grove, lemuel_centaur_altar,
          infiniplex_staircase_pool, uniq_sonja
Lair:5:   guppyfry_lair_end_dragon, layout_hall_layers,
          hangedman_lair_in_review, nicolae_slime_entry_slimehenge
Snake:1:  minmay_snake_river, layout_honeycomb, uniq_frances
Snake:2:  kennysheep_six_static_rooms, layout_rooms,
          fake_guardian_serpent_vault, minmay_shop_grove, uniq_agnes
Snake:3:  layout_onion, uniq_vashnia
Snake:4:  snake_pit, layout_rooms, serial_shops, shop, shop,
          nicolae_shop_competitors_out_of_business,
          nicolae_snake_salamander_zone
Slime:1:  layout_caves, special_room [special_room_jelly]
Slime:2:  layout_caves, cheibrodos_slime_lost_civilization_4
Slime:3:  layout_caves
Slime:4:  layout_caves, uniq_dissolution
Slime:5
Orc:1:    layout_caves, lemuel_statue_altar, nicolae_shop_clearance, uniq_snorg
Orc:2:    kennysheep_orc_mage_school, layout_diamond_mine,
          gauntlet_entry_generic, uniq_donald

Skill      XL: |  1  2  3  4  5  6  7  8  9 10 11 12 13 14 15 16 |
---------------+-------------------------------------------------+-----
Maces & Flails | 3 4 6 7 9 11 13 15 16 | 16.0
Fighting       | 6 9 11 13 14 15 | 15.2
Armour         | 2 5 6 7 |  7.5
Dodging        | 3 5 7 9 10 | 10.6
Shields        | 4 8 9 |  9.7
Throwing       | |  1.7

Action                   |  1- 3 |  4- 6 |  7- 9 | 10-12 | 13-15 | 16-18 || total
-------------------------+-------+-------+-------+-------+-------+-------++-------
Melee: Flail             |   118 |   132 |   170 |       |       |       ||   420
       Punch             |       |     2 |     4 |     1 |       |       ||     7
       Morningstar       |       |       |   122 |   526 |  1104 |   159 ||  1911
       Headbutt          |       |       |       |       |   153 |    45 ||   198
Throw: Dart              |       |       |     5 |       |       |       ||     5
       Javelin           |       |       |       |     1 |       |       ||     1
Invok: Fiery Armour      |       |     1 |     1 |     5 |       |       ||     7
       Foxfire Swarm     |       |       |     1 |     2 |       |       ||     3
       Rising Flame      |       |       |       |     1 |       |       ||     1
       Renounce Religion |       |       |       |       |     1 |       ||     1
       Slimify           |       |       |       |       |     1 |       ||     1
Evoke: Wand              |       |       |       |       |     1 |       ||     1
  Use: Scroll            |       |       |       |    10 |    21 |     2 ||    33
       Potion            |       |       |       |     2 |    14 |     4 ||    20
 Stab: Distracted        |       |       |       |       |     2 |       ||     2
Armor: Robe              |    62 |    52 |    28 |    15 |       |       ||   157
       Acid dragon scale |       |       |    41 |   219 |   492 |    63 ||   815
Dodge: Dodged            |    88 |   114 |   189 |   255 |   536 |    89 ||  1271
Block: Other             |       |       |       |    10 |       |       ||    10
       Orb               |       |       |       |    27 |    62 |       ||    89
       Kite shield       |       |       |       |       |    13 |    92 ||   105
       Reflection        |       |       |       |       |    10 |    13 ||    23
